 Dungeon Crawl Stone Soup version 0.24-a0-520-g8fd06ad0bc (webtiles) character file.

Game seed: 1706089752450859898

22 Iscandelvey the Vexing (level 2, -2/21 HPs)
             Began as a Demonspawn Arcane Marksman on July 25, 2019.
             Slain by a hobgoblin
             ... wielding a +0 club
              (6 damage)
             ... on level 2 of the Dungeon.
             The game lasted 00:00:31 (501 turns).

Iscandelvey the Vexing (Demonspawn Arcane Marksman)  Turns: 501, Time: 00:00:31

Health: -2/21      AC:  2    Str: 10    XL:     2   Next: 68%
Magic:  3/3        EV: 12    Int: 14    God:
Gold:   61         SH:  0    Dex: 13    Spells: 2/3 levels left

rFire    . . .     SeeInvis .   a - +0 hunting sling
rCold    . . .     Gourm    .   (no shield)
rNeg     . . .     Faith    .   e - +0 robe
rPois    .         Spirit   .   (no helmet)
rElec    .         Reflect  .   (no cloak)
rCorr    .         Harm     .   (no gloves)
MR       .....                  (no boots)
Stlth    +.........             (no amulet)
HPRegen  0.07/turn              (no ring)
MPRegen  0.08/turn              (no ring)

@: lethally poisoned (-2 -> -10)
A: demonic guardian 1
a: no special abilities


You were on level 2 of the Dungeon.
You were not hungry.

You visited 1 branch of the dungeon, and saw 2 of its levels.

You collected 61 gold pieces.

Inventory:

Hand Weapons
 a - a +0 hunting sling (weapon)
Missiles
 g - 2 stones (quivered)
Armour
 e - a +0 robe (worn)
Jewellery
 i - a +4 ring of dexterity {unknown}
Scrolls
 b - 2 scrolls of identify {unknown}
 c - 5 scrolls of teleportation {unknown}
 h - a scroll of enchant weapon {unknown}
 j - a scroll of immolation {unknown}
 m - a scroll of magic mapping {unknown}
Potions
 k - a potion of ambrosia {unknown}
 l - a potion of curing {unknown}
 n - a potion of lignification {unknown}
Comestibles
 f - 3 rations


   Skills:
 + Level 1.0 Fighting
 + Level 2.2 Slings
 + Level 2.3 Dodging
 + Level 1.1 Spellcasting
 + Level 3.2 Hexes


You had 2 spell levels left.
You knew the following spells:

 Your Spells              Type           Power        Failure   Level  Hunger
a - Corona                Hex            #......      7%          1    ##.....

Your spell library contained the following spells:

 Spells                   Type           Power        Failure   Level  Hunger
 Slow                     Hex            #.......     11%         2    ###....
 Inner Flame              Hex/Fire       #.......     38%         3    ####...
 Portal Projectile        Hex/Tloc       #.....       38%         3    ####...
 Cause Fear               Hex            #.........   56%         4    #####..
 Leda's Liquefaction      Hex/Erth       #.........   80%         4    #####..


Dungeon Overview and Level Annotations

Branches:
Dungeon (2/15)

Altars:


Innate Abilities, Weirdness & Mutations

A weak demonic guardian rushes to your aid.


Message History

Firing (i - inventory)
g - 5 stones (quivered)
Press: ? - help, Shift-Dir - straight line, f/p - adder
Aim: an adder (almost dead)
You shoot a stone. The stone barely misses the adder.
You feel sick. The adder closely misses you.
Firing (i - inventory)
g - 4 stones (quivered)
Press: ? - help, Shift-Dir - straight line, f/p - adder
Aim: an adder (almost dead)
You shoot a stone. The stone barely misses the adder.
The adder bites you.
* * * LOW HITPOINT WARNING * * *
The hobgoblin closely misses you.
Firing (i - inventory)
g - 3 stones (quivered)
Press: ? - help, Shift-Dir - straight line, f/p - adder
Aim: an adder (almost dead)
You shoot a stone. The stone closely misses the adder.
* * * LOW HITPOINT WARNING * * *
You feel sick. The adder bites you.
* * * LOW HITPOINT WARNING * * *
The hobgoblin hits you with a +0 club.
You die...

. .# . .. .#
.. #. .##(..
#. #....
#####.##..#
.......<..#
#+........# #
#........#...#
#.....@..(....
#....gS.......
#.........#.#.
#......(..#...
#.l......## ..
#........#
+.....(..#
..#####...


You could see an adder, a hobgoblin and a frilled lizard.

Vanquished Creatures
  A dart slug (D:1)
  4 goblins (D:1)
  5 hobgoblins (D:1)
  3 bats (D:1)
  2 frilled lizards (D:1)
  2 kobolds (D:1)
  3 rats
20 creatures vanquished.

Notes
Turn   | Place    | Note
-------+----------+-------------------------------------------
     0 | D:1      | Iscandelvey the Demonspawn Arcane Marksman began the quest
                  | for the Orb.
     0 | D:1      | Reached XP level 1. HP: 15/15 MP: 2/2
   158 | D:1      | Gained mutation: A weak demonic guardian rushes to your
                  | aid. [demonic ancestry]
   158 | D:1      | Reached XP level 2. HP: 21/21 MP: 3/3
   501 | D:2      | Slain by a hobgoblin

Levels and vault maps discovered:
D:1:      saegor_arrival_miasma, layout_rooms
D:2:      layout_rooms, lemuel_crystal_altar,
          nicolae_ru_great_annihilating_truth, first_ration,
          palyth_stone_intersect

Skill      XL: |  1  2 |
---------------+-------+-----
Dodging        | 2 |  2.3
Slings         | 2 |  2.2
Fighting       | |  1.0
Spellcasting   | |  1.1
Hexes          | |  3.2

Action                   || total
-------------------------++-------
 Fire: Hunting sling     ||    62
Armor: Robe              ||     5
Dodge: Dodged            ||    21

Table legend:
 A = Non-vault XP
 B = Vault XP
 C = Vault XP percentage of total XP
 D = Non-vault monster count
 E = Vault monster count
 F = Vault count percentage of total count
                 A         B        C        D         E       F
            +---------+---------+-------+---------+---------+-------
      Total |      32 |       0 |   0.0 |      20 |       0 |   0.0
            +---------+---------+-------+---------+---------+-------
        D:1 |      30 |       0 |   0.0 |      18 |       0 |   0.0
        D:2 |       2 |       0 |   0.0 |       2 |       0 |   0.0
            +---------+---------+-------+---------+---------+-------
